 Dungeon Crawl Stone Soup version 0.23.0 (webtiles) character file.

Game seed: 11338090844345916788

2389 DrEnzyme the Basher (level 9, -1/55 HPs)
             Began as a Gargoyle Gladiator on Feb 16, 2019.
             Killed by divine providence
             ... invoked by an orc priest
              (12 damage)
             ... on level 7 of the Dungeon.
             The game lasted 00:12:45 (8210 turns).

DrEnzyme the Basher (Gargoyle Gladiator)            Turns: 8210, Time: 00:12:45

Health: -1/55      AC: 18    Str: 20    XL:     9   Next: 46%
Magic:  9/9        EV:  9    Int: 10    God:
Gold:   339        SH:  0    Dex: 11    Spells: 8/8 levels left

rFire    . . .     SeeInvis .   e - +3 whip (freeze)
rCold    . . .     Gourm    .   (no shield)
rNeg     + . .     Faith    .   A - +0 chain mail
rPois    ∞         Spirit   .   c - +0 helmet
rElec    +         Reflect  .   (no cloak)
rCorr    .         Harm     .   j - +0 pair of gloves
MR       .....                  (no boots)
Stlth    ..........             (no amulet)
HPRegen  0.18/turn              (no ring)
MPRegen  0.11/turn              (no ring)

@: slowed, very slow
A: negative energy resistance 1, electricity resistance, unbreathing,
petrification resistance, rot immunity, AC +6
a: no special abilities


You were on level 7 of the Dungeon.
You were very hungry.

You visited 2 branches of the dungeon, and saw 8 of its levels.

You collected 339 gold pieces.

Inventory:

Hand Weapons
 a - a +0 flail
 e - a +3 whip of freezing (weapon)
 x - a +1 war axe of flaming
Missiles
 d - 3 throwing nets (quivered)
Armour
 c - a +0 helmet (worn)
 j - a +0 pair of gloves (worn)
 A - a +0 chain mail (worn)
Jewellery
 f - an uncursed ring of protection from cold {unknown}
Wands
 q - a wand of polymorph (1)
Scrolls
 b - a scroll of enchant armour {unknown}
 g - a scroll of fog
 l - a scroll of remove curse
 m - 2 scrolls of teleportation
 n - a scroll of random uselessness
 o - a scroll of amnesia {unknown}
 v - 2 scrolls of magic mapping {unknown}
 y - a scroll of blinking {unknown}
Potions
 h - a potion of brilliance {unknown}
 k - a potion of invisibility
 p - a potion of lignification
 r - a potion of flight {unknown}
 s - a potion of cancellation
 t - a potion of agility
 u - 2 potions of heal wounds
 w - 2 potions of curing
 z - a potion of resistance {unknown}


   Skills:
 + Level 5.8 Fighting
 + Level 9.1 Maces & Flails
 + Level 2.0 Throwing
 + Level 4.1 Armour
 + Level 5.1 Dodging
 + Level 3.1 Stealth
 + Level 1.0 Evocations


You had 8 spell levels left.
You didn't know any spells.
Your spell library was empty.

Dungeon Overview and Level Annotations

Branches:
Dungeon (7/15)             Temple (1/1) D:4

Altars:
Ashenzari
Cheibriados
Dithmenos
Elyvilon
Fedhas
Gozag
Hepliaklqana
Kikubaaqudgha
Makhleb
Nemelex Xobeh
Qazlal
Ru
Sif Muna
Trog
Uskayaw
Vehumet
Yredelemnul
Zin
The Shining One

Annotations:
D:4 3 runed translucent doors, exclusion: downstairs, jgonzale2218's ghost, amateur MiHu
D:6 exclusion: downstairs


Innate Abilities, Weirdness & Mutations

You are resistant to torment.
Your stone body is resilient. (AC +6)
You are immune to poison.
You resist negative energy. (rN+)
You are resistant to electric shocks. (rElec)
You can survive without breathing.
You are immune to petrification.
You are immune to rotting.


Message History

You hit the orc warrior. You freeze the orc warrior.
The orc warrior is heavily wounded.
The orc warrior hits you with a +0 dire flail of crushing.
You hit the orc warrior. You freeze the orc warrior.
The orc warrior is heavily wounded.
The orc warrior barely misses you.
You hit the orc warrior but do no damage.
The orc warrior is heavily wounded.
The orc warrior hits you but does no damage.
Your chain mail prevents you from hitting the orc warrior.
The orc warrior is heavily wounded.
The orc warrior hits you with a +0 dire flail of crushing!
* * * LOW HITPOINT WARNING * * *
x2 The orc priest looks satisfied for a moment.
The orc warrior barely misses you.
The orc wizard gestures wildly while chanting.
The orc wizard blinks!
The orc priest invokes the aid of Beogh against you.
Beogh smites you!
You die...

######### #......<###
#.##......# ### #..
#.##.##.#.# #.. ..#
#.##....#.## #.. #.#
#<##.......# ##.# ####.#
#.##.y#.#..####.###...#.#
#.o.o........@.o§#.##.#.##
####..####.######o.##.#..####
#......##.#######......#...#
#.#....)..(.....#..#.#..##.#
#.#.##.###.(....#..#.#..##.##
# #.##.# #..(.>.#..#....##...
#.. .# #.....o...#.#.......
##. # #......##...........
#......#####...#####


You could see an orc warrior and an orc priest.

Vanquished Creatures
  A queen bee (D:7)
  A hog (D:4)
  A black bear (D:7)
  4 sky beasts
  A necrophage (D:6)
  2 ice beasts (D:5)
  A phantom (D:7)
  An ogre (D:5)
  2 bullfrogs (D:6)
  A scorpion (D:6)
  2 howler monkeys
  4 crimson imps (D:6)
  A centaur zombie (D:5)
  2 bullfrog zombies
  2 hounds
  A bullfrog skeleton (D:4)
  3 orc priests (D:4)
  6 orc wizards
  2 iguanas
  A worker ant (D:5)
  A hound skeleton (D:6)
  A gnoll (D:1)
  7 adders
  A howler monkey skeleton (D:6)
  2 shadow imps
  3 oozes
  2 adder skeletons
  4 worms
  2 dart slugs
  2 leopard geckos
  16 orcs
  7 giant cockroaches
  6 goblins
  11 hobgoblins
  5 jackals
  10 kobolds
  2 quokkas
  2 ball pythons
  5 bats
  8 frilled lizards
  A quokka skeleton (D:4)
  9 rats
146 creatures vanquished.

Notes
Turn   | Place    | Note
-------+----------+-------------------------------------------
     0 | D:1      | DrEnzyme the Gargoyle Gladiator began the quest for the
                  | Orb.
     0 | D:1      | Reached XP level 1. HP: 12/12 MP: 1/1
    62 | D:1      | Reached XP level 2. HP: 13/17 MP: 2/2
   541 | D:1      | Reached XP level 3. HP: 18/22 MP: 3/3
  1407 | D:2      | Reached skill level 4 in Maces & Flails
  1579 | D:2      | Reached skill level 1 in Armour
  1579 | D:2      | Reached XP level 4. HP: 27/27 MP: 4/4
  2625 | D:3      | Found a sacrificial altar of Ru.
  2642 | D:3      | Reached XP level 5. HP: 32/32 MP: 5/5
  2819 | D:3      | Noticed Natasha
  2820 | D:3      | Noticed Natasha
  2820 | D:3      | Natasha changed into Natasha the ooze
  2828 | D:3      | Killed Natasha the ooze
  3023 | D:4      | Reached skill level 1 in Stealth
  3038 | D:4      | Reached XP level 6. HP: 22/37 MP: 6/6
  3269 | D:4      | Found a staircase to the Ecumenical Temple.
  3277 | Temple   | Entered the Ecumenical Temple
  3640 | D:4      | Reached skill level 5 in Maces & Flails
  3754 | D:4      | Noticed a slave
  3754 | D:4      | Noticed a slave
  3755 | D:4      | Noticed Pikel
  3756 | D:4      | Noticed a slave
  3757 | D:4      | Noticed a slave
  3841 | D:4      | Noticed Pikel
  3841 | D:4      | Pikel changed into Pikel the hog
  3862 | D:4      | Killed Pikel the hog
  3862 | D:4      | Reached XP level 7. HP: 18/42 MP: 7/7
  4059 | D:4      | Found a glowing golden altar of the Shining One.
  4063 | D:4      | Found a hide-covered altar of Uskayaw.
  4065 | D:4      | Found a bloodstained altar of Trog.
  4141 | D:4      | Noticed jgonzale2218's ghost (amateur MiHu)
  4436 | D:4      | Found a runed translucent gate.
  4455 | D:4      | Found a runed translucent gate.
  4455 | D:4      | Found a runed translucent gate.
  4542 | D:4      | Found a deep blue altar of Sif Muna.
  4560 | D:4      | Reached skill level 6 in Maces & Flails
  4637 | D:5      | Entered Level 5 of the Dungeon
  4729 | D:5      | HP: 2/42 [ice beast (11)]
  5233 | D:5      | Reached XP level 8. HP: 44/48 MP: 8/8
  6081 | D:5      | Reached skill level 7 in Maces & Flails
  6937 | D:6      | Found a burning altar of Makhleb.
  6958 | D:6      | Reached skill level 5 in Fighting
  6958 | D:6      | Reached skill level 8 in Maces & Flails
  7001 | D:6      | Reached XP level 9. HP: 52/54 MP: 9/9
  7395 | D:6      | Found an ancient bone altar of Kikubaaqudgha.
  7395 | D:6      | Found a stormy altar of Qazlal.
  7489 | D:7      | Noticed a queen bee
  7489 | D:7      | a centaur changed into a queen bee
  7510 | D:6      | Reached skill level 5 in Dodging
  7915 | D:7      | Killed a queen bee
  7915 | D:7      | Reached skill level 9 in Maces & Flails
  8113 | D:7      | Reached skill level 1 in Evocations
  8210 | D:7      | Killed from afar by an orc priest

Skill      XL: |  1  2  3  4  5  6  7  8  9 |
---------------+----------------------------+-----
Throwing       | 2 |  2.0
Maces & Flails | 4 5 6 8 9 |  9.1
Armour         | 1 2 3 4 |  4.1
Dodging        | 3 4 5 |  5.1
Fighting       | 3 4 5 |  5.8
Stealth        | 1 2 3 |  3.1
Evocations     | 1 |  1.0

Action                   |  1- 3 |  4- 6 |  7- 9 || total
-------------------------+-------+-------+-------++-------
Melee: Flail             |   120 |   191 |    19 ||   330
       Whip              |       |       |   407 ||   407
Evoke: Wand              |       |     3 |     5 ||     8
  Use: Potion            |       |     6 |     4 ||    10
       Scroll            |       |       |    11 ||    11
 Stab: Sleeping          |     1 |       |     1 ||     2
       Paralysed         |       |     1 |       ||     1
  Eat: Ration            |     1 |     1 |     2 ||     4
       Chunk             |       |     4 |     5 ||     9
Armor: Leather armour    |    61 |    84 |   119 ||   264
       Chain mail        |       |       |    36 ||    36
       Skin              |       |       |     4 ||     4
Dodge: Dodged            |    81 |   157 |   204 ||   442
